 Dungeon Crawl Stone Soup version 0.31-a0-691-g409c26aa35 (webtiles) character file.

Game seed: 10404722626635485744

141 senseless the Insei (level 5, -10/40 HPs)
             Began as a Gnoll Shapeshifter on Sept 6, 2023.
             Mangled by a wraith (12 damage)
             ... on level 6 of the Dungeon.
             The game lasted 00:05:13 (2283 turns).

senseless the Insei (Gnoll Shapeshifter)            Turns: 2283, Time: 00:05:14

Health: -10/40     AC:  2    Str: 13    XL:     5   Next: 24%
Magic:  7/7        EV: 13    Int: 10    God:
Gold:   168        SH:  0    Dex: 13    Spells: 6/6 levels left

rFire   + . .        j - +1 dagger (venom)
rCold   . . .        (no shield)
rNeg    . . .        a - +0 animal skin
rPois   .            (helmet currently unavailable)
rElec   .            (cloak currently unavailable)
rCorr   .            (gloves currently unavailable)
SInv    .            (boots currently unavailable)
Will    .....        (no amulet)
Stlth   ++           i - ring of protection from fire
HPRegen 0.26/turn    (no ring)
MPRegen 0.10/turn

%: no passive effects
@: beast-form, slowed, very slow
A: beast (slay +3), fangs 1, strong nose, distributed training
a: Begin Untransformation


You were on level 6 of the Dungeon.
You were a hulking beast.
You visited 1 branch of the dungeon, and saw 4 of its levels.

You collected 168 gold pieces.

Inventory:

Hand Weapons
 j - a +1 dagger of venom (weapon)
Missiles
 k - 4 poisoned darts
Armour
 a - a +0 animal skin (worn)
Jewellery
 i - a ring of protection from fire (left hand)
Talismans
 c - a beast talisman (active)
 d - a flux talisman
 o - a serpent talisman
Wands
 r - a wand of flame (21) (quivered)
 s - a wand of iceblast (8)
Scrolls
 e - a scroll of revelation
 g - 2 scrolls of teleportation
 q - a scroll of fog
Potions
 b - 3 potions of lignification
 f - 2 potions of might {unknown}
 h - a potion of cancellation {unknown}
 l - a potion of brilliance
 m - a potion of haste {unknown}
 n - a potion of berserk rage {unknown}
 p - 4 potions of curing


   Skills:
 + Level 2.9 Fighting
 + Level 1.4 Short Blades
 + Level 1.4 Long Blades
 + Level 1.4 Axes
 + Level 1.4 Maces & Flails
 + Level 1.4 Polearms
 + Level 1.4 Staves
 + Level 1.4 Ranged Weapons
 + Level 1.4 Throwing
 + Level 1.4 Armour
 + Level 4.7 Dodging
 + Level 1.4 Stealth
 + Level 1.4 Shields
 + Level 6.7 Unarmed Combat
 + Level 1.4 Spellcasting
 + Level 1.1 Conjurations
 + Level 1.1 Hexes
 + Level 1.1 Summonings
 + Level 1.1 Necromancy
 + Level 1.1 Translocations
 + Level 1.1 Transmutations
 + Level 1.1 Fire Magic
 + Level 1.1 Ice Magic
 + Level 1.1 Air Magic
 + Level 1.1 Earth Magic
 + Level 1.1 Poison Magic
 + Level 1.6 Invocations
 + Level 1.4 Evocations
 + Level 6.6 Shapeshifting


You had 6 spell levels left.
You didn't know any spells.
Your spell library contained the following spells:

 Spells                   Type           Power      Damage    Failure   Level
 Necrotise                Necr           12%        1d4       21%         1
 Scorch                   Fire           6%         2d5       30%         2
 Stone Arrow              Conj/Erth      6%         3d7       52%         3
 Vampiric Draining        Necr           3%         2d6       52%         3
 Animate Armour           Summ/Erth      6%         N/A       90%         4
 Flame Wave               Conj/Fire      3%         2d5       90%         4
 Agony                    Necr           3%         N/A       99%         5
 Summon Cactus Giant      Summ           1%         N/A       100%        6
 Lehudib's Crystal Spear  Conj/Erth      1%         10d2      100%        8


Dungeon Overview and Level Annotations

Branches:
Dungeon (3/15)             Temple (0/1) D:6

Altars:
Dithmenos
Fedhas
Sif Muna
Xom
Yredelemnul


Innate Abilities, Weirdness & Mutations

You are a hulking beast.
Your limbs bulge with bestial killing power. (Slay +3)
You have very sharp teeth.
Your uncanny sense of smell can sniff out nearby items.
Your experience applies equally to all skills.


Message History

s - a wand of iceblast (8)
You hear the slow rusting of a distant drain.
A wraith comes into view.
The puff of flame hits the wraith.
The wraith is lightly damaged.
The puff of flame hits the wraith.
The wraith is moderately damaged.
The wraith hits you! The wraith drains your vigour!
You feel yourself slow down.
The puff of flame hits the wraith.
The wraith is moderately damaged.
The wraith hits you! The wraith drains your vigour!
You feel as though you will be slow longer.
The puff of flame hits the wraith but does no damage.
The wraith is moderately damaged.
The wraith hits you. The wraith drains your vigour!
You feel as though you will be slow longer.
The wraith hits you.
You are too injured to fight recklessly!
Found a stone staircase leading up.
The wraith hits you!
* * * LOW HITPOINT WARNING * * *
The wraith drains your vigour!
You feel as though you will be slow longer.
Hit: j) +1 dagger (venom)
Press: ? - help, Dir - move target, f/p - wraith
Aim: a wraith (moderately damaged, about 32% to evade your +1 dagger of venom)
You hit the wraith.
The wraith is moderately damaged.
The wraith closely misses you.
Hit: j) +1 dagger (venom)
Press: ? - help, Dir - move target, f/p - wraith
Aim: a wraith (moderately damaged, about 32% to evade your +1 dagger of venom)
You hit the wraith.
The wraith is moderately damaged.
The wraith hits you.
* * * LOW HITPOINT WARNING * * *
The wraith drains your vigour!
You feel as though you will be slow longer.
The wraith hits you!
You die...

***,,,,,,*,...,....
##........#,....###.
#.........+,,#......
#.........##,****#..
#..........#,* #.#
****..........#.* #..
*,,,,.........*.* ###
*,***#..<#..#,*.#######
*,* #h###..#,*,.....#.
***,***#.W....#,,,...#.#.
*,,,,,*#####.######....#.
***,,,*,* #.........###.
**~,,,,,* ########.##.#.
**~~,,,,** #....#.
***~~*,,,*** ####...
*~~*,,,,,*** ####
*~~*,,,*,,,*


You could see a wraith.

Vanquished Creatures
  Natasha (thrice) (D:2)
  2 adders (D:3)
  5 bats
  An endoplasm (D:3)
  3 giant cockroaches
  7 goblins
  2 hobgoblins (D:1)
  3 jackals (D:1)
  6 kobolds
  2 quokkas (D:1)
  5 ball pythons
  3 frilled lizards
  7 rats
49 creatures vanquished.

Notes
Turn   | Place    | Note
-------+----------+-------------------------------------------
     0 | D:1      | senseless the Gnoll Shapeshifter began the quest for the
                  | Orb.
     0 | D:1      | Reached XP level 1. HP: 17/17 MP: 1/1
   138 | D:1      | Reached XP level 2. HP: 21/23 MP: 2/2
   397 | D:1      | Reached XP level 3. HP: 26/28 MP: 3/3
   997 | D:2      | Reached skill level 1 in Invocations
  1298 | D:2      | Noticed Natasha
  1306 | D:2      | Killed Natasha
  1307 | D:2      | Reached skill level 1 in Short Blades
  1307 | D:2      | Reached skill level 1 in Long Blades
  1307 | D:2      | Reached skill level 1 in Axes
  1307 | D:2      | Reached skill level 1 in Maces & Flails
  1307 | D:2      | Reached skill level 1 in Polearms
  1307 | D:2      | Reached skill level 1 in Staves
  1307 | D:2      | Reached skill level 1 in Ranged Weapons
  1307 | D:2      | Reached skill level 1 in Throwing
  1307 | D:2      | Reached skill level 1 in Armour
  1307 | D:2      | Reached skill level 1 in Stealth
  1307 | D:2      | Reached skill level 1 in Shields
  1307 | D:2      | Reached skill level 1 in Spellcasting
  1307 | D:2      | Reached skill level 1 in Evocations
  1307 | D:2      | Reached XP level 4. HP: 20/34 MP: 5/5
  1453 | D:2      | Noticed Natasha
  1457 | D:2      | Killed Natasha
  1458 | D:2      | Reached skill level 1 in Conjurations
  1458 | D:2      | Reached skill level 1 in Hexes
  1458 | D:2      | Reached skill level 1 in Summonings
  1458 | D:2      | Reached skill level 1 in Necromancy
  1458 | D:2      | Reached skill level 1 in Translocations
  1458 | D:2      | Reached skill level 1 in Transmutations
  1458 | D:2      | Reached skill level 1 in Fire Magic
  1458 | D:2      | Reached skill level 1 in Ice Magic
  1458 | D:2      | Reached skill level 1 in Air Magic
  1458 | D:2      | Reached skill level 1 in Earth Magic
  1458 | D:2      | Reached skill level 1 in Poison Magic
  1734 | D:2      | Noticed Natasha
  1743 | D:2      | Killed Natasha
  1961 | D:3      | Found a shimmering blue altar of Sif Muna.
  1965 | D:3      | Reached XP level 5. HP: 40/40 MP: 6/6
  2036 | D:3      | Found a blossoming altar of Fedhas.
  2040 | D:3      | Found a basalt altar of Yredelemnul.
  2041 | D:3      | Found a shadowy altar of Dithmenos.
  2208 | D:3      | You fall into a shaft and drop 3 floors!
  2208 | D:6      | Found a shimmering altar of Xom.
  2272 | D:6      | Noticed a wraith
  2283 | D:6      | HP: 2/40 [wraith (4)]
  2283 | D:6      | Mangled by a wraith

Illustrated notes

Levels and vault maps discovered:
D:1:      minmay_arrival_checkered_box, layout_loops_ring, serial_bayou_ford_a
D:2:      layout_loops_cross, uniq_natasha
D:3:      layout_rooms, mainiacjoe_overflow_24_doors, elyvilon_altar_4,
          grunt_temple_overflow_open
D:6:      layout_basic, nemelex_spade_bored_becter,
          mainiacjoe_overflow_concentric_impassable,
          mainiacjoe_overflow_cross_hatched, minmay_temple_entry_butterflies,
          cheibrodos_sewer_entry_bend, uniq_duvessa

Skill      XL: |  1  2  3  4 |
---------------+-------------+-----
Invocations    | 1 |  1.6
Short Blades   | 1 |  1.4
Long Blades    | 1 |  1.4
Axes           | 1 |  1.4
Maces & Flails | 1 |  1.4
Polearms       | 1 |  1.4
Staves         | 1 |  1.4
Ranged Weapons | 1 |  1.4
Throwing       | 1 |  1.4
Armour         | 1 |  1.4
Stealth        | 1 |  1.4
Shields        | 1 |  1.4
Spellcasting   | 1 |  1.4
Evocations     | 1 |  1.4
Conjurations   | 1 |  1.1
Hexes          | 1 |  1.1
Summonings     | 1 |  1.1
Necromancy     | 1 |  1.1
Translocations | 1 |  1.1
Transmutations | 1 |  1.1
Fire Magic     | 1 |  1.1
Ice Magic      | 1 |  1.1
Air Magic      | 1 |  1.1
Earth Magic    | 1 |  1.1
Poison Magic   | 1 |  1.1
Fighting       | |  2.9
Dodging        | |  4.7
Unarmed Combat | |  6.7
Shapeshifting  | |  6.6

Action                     |  1- 3 |  4- 6 || total
---------------------------+-------+-------++-------
  Melee: Unarmed           |    60 |     2 ||    62
         Punch             |     2 |     3 ||     5
         Bite              |     5 |     4 ||     9
         Dagger            |       |    24 ||    24
  Evoke: Wand              |       |     4 ||     4
    Use: Scroll            |    11 |     2 ||    13
   Stab: Sleeping          |     2 |     1 ||     3
 Armour: Animal skin       |    26 |    21 ||    47
  Dodge: Dodged            |    40 |    13 ||    53

Table legend: (Time is in decaauts)
 A = Elapsed time spent in this place.
 B = Non-inter-level travel time spent in this place.
 C = Inter-level travel time spent in this place.
 D = Time resting spent in this place.
 E = Time spent auto-exploring this place.
 F = Levels seen in this place.
 G = Mean time per level.
                   A        B        C        D        E       F      G
               +--------+--------+--------+--------+--------+-----+--------+
         Total |   2290 |   2069 |    221 |    263 |   1432 |   4 |  572.5 |
       Dungeon |   2290 |   2069 |    221 |    263 |   1432 |   4 |  572.5 |
               +--------+--------+--------+--------+--------+-----+--------+

Top non-repeatable levels by time:
     D:2: 1112 daAuts
     D:1: 834 daAuts
     D:3: 266 daAuts
     D:6: 77 daAuts
